 Dungeon Sprint DCSS version 0.27.0-1-g7a089689b8 (webtiles) character file.

Game seed: 11277053231914085527

765 Groucho the Blocker (level 7, -1/51 HPs)
             Began as a Gargoyle Fighter on Aug 5, 2021.
             Was a Believer of Cheibriados.
             Slain by a death knight (15 damage)
             ... in the Dungeon (Sprint IX: "|||||||||||||||||||||||||||||").
             The game lasted 00:01:53 (969 turns).

Groucho the Blocker (Gargoyle Fighter)               Turns: 969, Time: 00:01:54

Health: -1/51      AC: 18    Str: 28    XL:     7   Next: 81%
Magic:  10/10      EV:  7    Int: 13    God:    Cheibriados [**....]
Gold:   0          SH: 13    Dex: 19    Spells: 6/6 levels left

rFire    . . .     SeeInvis .   l - +3 war axe (freeze)
rCold    . . .     Faith    .   c - +0 kite shield
rNeg     + . .     Spirit   .   o - +1 chain mail
rPois    ∞         Reflect  .   (no helmet)
rElec    +         Harm     .   a - +0 cloak
rCorr    .         Rampage  .   (no gloves)
Will     .....     NoTele   +   (no boots)
Stlth    ..........             (no amulet)
HPRegen  0.17/turn              m - +3 ring of strength
MPRegen  0.12/turn              n - +3 ring of dexterity

@: mighty, very slow
A: sickness immunity, AC +4, negative energy resistance 1, electricity
resistance, torment resistance 1, petrification resistance
a: Renounce Religion, Bend Time


You were in the Dungeon.
You worshipped Cheibriados.
Cheibriados was pleased with you.
You visited 1 branch

Inventory:

Hand Weapons
 l - a +3 war axe of freezing (weapon)
Armour
 a - a +0 cloak (worn)
 c - a +0 kite shield (worn)
 o - a +1 chain mail (worn)
Jewellery
 m - a +3 ring of strength (left hand)
 n - a +3 ring of dexterity (right hand)
Wands
 k - a wand of iceblast (10)
Scrolls
 i - 2 scrolls of amnesia
 j - 2 scrolls of blinking
Potions
 e - 4 potions of curing
 h - 4 potions of magic


   Skills:
 + Level 9.4 Fighting
 + Level 7.5 Axes
 + Level 9.4 Armour
 + Level 9.4 Shields
 + Level 4.9 Invocations


You had 6 spell levels left.
You didn't know any spells.
Your spell library was empty.

Dungeon Overview and Level Annotations

Branches:
Dungeon (1/1)

Altars:
Cheibriados
Dithmenos
Elyvilon
Fedhas
Gozag
Hepliaklqana
Kikubaaqudgha
Makhleb
Nemelex Xobeh
Okawaru
Qazlal
Ru
Sif Muna
Trog
Uskayaw
Vehumet
Wu Jian
Xom
Yredelemnul
Zin
The Shining One
Beogh
Jiyva
Lugonu


Innate Abilities, Weirdness & Mutations

You are immune to sickness and miasma.
Your stone body is resilient. (AC +4)
You are immune to poison.
You resist negative energy. (rN+)
You are resistant to electric shocks. (rElec)
You are resistant to unholy torment.
You are immune to petrification.


Message History

You feel much better. You block the death knight's attack.
Unknown command.
You feel very mighty all of a sudden.
The death knight invokes the aid of Yredelemnul against you.
You barely resist. You hit the death knight. You freeze the death knight.
The death knight is lightly wounded.
You block the death knight's attack.
You barely miss the death knight.
The death knight is lightly wounded.
You block the death knight's attack.
Unknown command.
Unknown command.
You slash the death knight! You freeze the death knight.
The death knight is moderately wounded.
You block the death knight's attack. The death knight barely misses you.
You slash the death knight! You freeze the death knight!
The death knight is severely wounded.
The death knight's dark mirror aura disappears.
The death knight hits you with a +2 battleaxe!!
Unknown command.
Unknown command.
You feel better.
You are no longer corroded.
You block the death knight's attack.
Unknown command.
Unknown command.
You barely miss the death knight.
The death knight is severely wounded.
You block the death knight's attack.
You completely miss the death knight.
The death knight is severely wounded.
The death knight offers itself to Yredelemnul, and fills with unholy energy.
You hit the death knight. You freeze the death knight.
The death knight is almost dead.
The death knight reflects your damage back at you!
The death knight hits you with a +2 battleaxe!
* * * LOW HITPOINT WARNING * * *
The death knight hits you with a +2 battleaxe!
You die...

▓.▓
▓.▓
▓.▓
▓p▓
▓C▓
▓O▓
▓p▓
▓@▓
▓.▓
▓.▓
▓)▓
▓)▓
▓)▓
▓'▓
▓.▓
▓.▓


You could see 2 death knights, a two-headed ogre and a cyclops.

Vanquished Creatures
  A kobold demonologist (D)
  A yak (D)
  An acid dragon (D)
  A water moccasin (D)
  A centaur (D)
  2 iguanas (D)
  An orc wizard (D)
  An adder (D)
  2 bat zombies (D)
  A hobgoblin (D)
  3 kobolds (D)
  A ball python zombie (D)
  A frilled lizard (D)
17 creatures vanquished.

Vanquished Creatures (others)
  A two-headed ogre (D)
1 creature vanquished.

Grand Total: 18 creatures vanquished

Notes
Turn   | Place    | Note
-------+----------+-------------------------------------------
     0 | D        | Groucho the Gargoyle Fighter began the quest for the Orb.
     0 | D        | Reached XP level 1. HP: 14/14 MP: 1/1
   382 | D        | Noticed an iguana
   382 | D        | Noticed a water moccasin
   382 | D        | Noticed an iguana
   388 | D        | Killed an iguana
   389 | D        | Reached XP level 2. HP: 20/20 MP: 2/2
   389 | D        | Reached XP level 3. HP: 24/24 MP: 3/3
   396 | D        | Killed a water moccasin
   397 | D        | Reached XP level 4. HP: 21/32 MP: 4/4
   397 | D        | Reached XP level 5. HP: 23/36 MP: 5/5
   411 | D        | Reached skill level 5 in Axes
   831 | D        | Found a snail-covered altar of Cheibriados.
   831 | D        | Found a shadowy altar of Dithmenos.
   831 | D        | Found a white marble altar of Elyvilon.
   831 | D        | Found a blossoming altar of Fedhas.
   831 | D        | Found an opulent altar of Gozag.
   832 | D        | Found a hazy altar of Hepliaklqana.
   833 | D        | Found a viscous altar of Jiyva.
   834 | D        | Found an ancient bone altar of Kikubaaqudgha.
   835 | D        | Found a corrupted altar of Lugonu.
   837 | D        | Became a worshipper of Cheibriados the Contemplative
   839 | D        | Found a burning altar of Makhleb.
   840 | D        | Found a sparkling altar of Nemelex Xobeh.
   841 | D        | Found an iron altar of Okawaru.
   842 | D        | Found a stormy altar of Qazlal.
   843 | D        | Found a sacrificial altar of Ru.
   844 | D        | Found a shimmering blue altar of Sif Muna.
   845 | D        | Found a bloodstained altar of Trog.
   846 | D        | Found a hide-covered altar of Uskayaw.
   847 | D        | Found a radiant altar of Vehumet.
   848 | D        | Found an ornate altar of the Wu Jian Council.
   849 | D        | Found a shimmering altar of Xom.
   850 | D        | Found a basalt altar of Yredelemnul.
   851 | D        | Found a glowing silver altar of Zin.
   852 | D        | Found a glowing golden altar of the Shining One.
   904 | D        | Noticed a centaur
   904 | D        | Noticed a two-headed ogre
   904 | D        | Noticed a kobold demonologist
   904 | D        | Noticed a yak
   912 | D        | Killed a yak
   913 | D        | Reached XP level 6. HP: 20/44 MP: 6/6
   921 | D        | Killed a kobold demonologist
   921 | D        | Killed a two-headed ogre
   922 | D        | Reached XP level 7. HP: 24/50 MP: 6/9
   928 | D        | Reached * piety under Cheibriados
   934 | D        | Reached ** piety under Cheibriados
   949 | D        | Noticed a death knight
   949 | D        | Noticed a cyclops
   949 | D        | Noticed a two-headed ogre
   949 | D        | Noticed a death knight
   969 | D        | Slain by a death knight

Illustrated notes

Levels and vault maps discovered:
D:        linesprint [early_d, line_temple, items_1, d_10, items_2, lair_1,
          lair_end, items_3, orc_1, orc_end, items_4, d_15, swamp_1, shoals_1,
          snake_1, spider_1, d_20, vaults_1, items_5, swamp_end, shoals_end,
          snake_end, spider_end, vaults_end, d_27, items_6, zot_1, zot_end,
          crypt_end, forest_end, elf_end, slime_end, tomb_end, abyss_end,
          pan_hell_end]

Skill      XL: |  1  2  3  4  5  6  7 |
---------------+----------------------+-----
Axes           | 3 4 6 7 |  7.5
Fighting       | 4 6 7 8 9 |  9.4
Armour         | 4 6 7 8 9 |  9.4
Shields        | 4 6 7 8 9 |  9.4
Invocations    | 3 4 |  4.9

Action                   |  1- 3 |  4- 6 |  7- 9 || total
-------------------------+-------+-------+-------++-------
Melee: War axe           |    39 |    31 |    24 ||    94
  Use: Potion            |     2 |     1 |     5 ||     8
 Stab: Invisible         |       |     4 |     1 ||     5
Armor: Scale mail        |    20 |     9 |       ||    29
       Chain mail        |       |     4 |    10 ||    14
Dodge: Dodged            |    14 |     6 |     6 ||    26
Block: Kite shield       |    19 |    12 |    26 ||    57
